 Dungeon Crawl Stone Soup version 0.23-a0-710-gaad00d04af (webtiles) character file.

613977 Jannitor the Warrior (level 26, -1/214 (216) HPs)
             Began as a Demonspawn Gladiator on Jan 13, 2019.
             Was the Champion of Okawaru.
             Slain by a vampire knight
             ... wielding a +1 great mace
              (27 damage)
             ... while paralysed by a vampire knight
             ... on level 4 of the Depths on Jan 15, 2019.
             The game lasted 02:48:05 (49720 turns).

Jannitor the Warrior (Demonspawn Gladiator)        Turns: 49720, Time: 02:48:06

HP:   -1/214 (216)  AC: 18    Str: 22    XL:     26   Next: 32%
MP:   30/36         EV:  2    Int: 11    God:    Okawaru [******]
Gold: 1699          SH:  0    Dex: 31    Spells: 4/43 levels left

rFire    + . .     SeeInvis .   a - +6 demon blade of Optimality {venom, rN+}
rCold    + . .     Gourm    .   U - +3 warlock's mirror {reflect}
rNeg     + + +     Faith    .   R - +3 troll leather armour
rPois    +         Spirit   .   m - +0 hat of Vikk {rC- Str-2 Dex+6 Slay+5}
rElec    .         Reflect  +   j - +2 cloak "Teqyqohe" {rF+ Regen+ Int+5 Dex-3}
rCorr    .         Harm     .   b - +2 pair of gloves {Dex+3}
MR       ++...     Clarity  +   (boots unavailable)
Stlth    +++.......             S - brooch of Shielding {Reflect SH+8}
HPRegen  2.25/turn              p - ring "Iroos" {Int-2 Slay+3}
MPRegen  0.25/turn              T - ring "Hiraxkafe" {rC++ rN+}

@: paralysed, mighty, agile, regenerating (expiring), studying Long Blades
A: beak, hooves 3, slimy green scales 3, clarity, dopey 2, magic resistance 1,
negative energy resistance 1, powered by pain 3, spiny 3, 50% torment
resistance, black mark, subdued magic 1, MP-powered wands
}: 4/15 runes: decaying, serpentine, slimy, abyssal
a: Heroism, Finesse, Renounce Religion


You were on level 4 of the Depths.
You worshipped Okawaru.
Okawaru was exalted by your worship.
You were hungry.

You visited 10 branches of the dungeon, and saw 48 of its levels.
You visited the Abyss 1 time.
You visited 1 bazaar.
You also visited: Trove, Sewer, Ossuary, Bailey, Ice Cave and Wizlab.

You collected 7431 gold pieces.
You spent 5732 gold pieces at shops.

Inventory:

Hand Weapons
 a - the +6 demon blade of Optimality (weapon) {venom, rN+}
   (Okawaru gifted it to you on level 6 of the Lair of Beasts)

   It poisons the flesh of those it strikes.
   It protects you from negative energy.
 Y - a +1 double sword of draining
Missiles
 d - 6 throwing nets (quivered)
Armour
 b - a +2 pair of gloves of dexterity (worn)
 j - the +2 cloak "Teqyqohe" (worn) {rF+ Regen+ Int+5 Dex-3}
   (You found it on level 12 of the Dungeon)

   It affects your intelligence (+5).
   It affects your dexterity (-3).
   It protects you from fire.
   It increases your rate of regeneration.
 m - the +0 hat of Vikk (worn) {rC- Str-2 Dex+6 Slay+5}
   (You acquired it on level 2 of the Swamp)

   It affects your strength (-2).
   It affects your dexterity (+6).
   It affects your accuracy and damage with ranged weapons and melee attacks
   (+5).
   It makes you vulnerable to cold.
 o - the +3 crown of Dyrovepreva {rElec Int+2 SInv}
   (You acquired it in a bailey)

   It affects your intelligence (+2).
   It insulates you from electricity.
   It lets you see invisible.
 s - the +1 cloak of Starlight {rElec rC+ EV+4 Stlth--}
   (You bought it in a shop on level 2 of the Orcish Mines)

   It affects your evasion (+4).
   It protects you from cold.
   It insulates you from electricity.
   It makes you much less stealthy.
 R - a +3 troll leather armour (worn)
 U - the +3 warlock's mirror (worn) {reflect}
   (You found it in a treasure trove)
Jewellery
 p - the ring "Iroos" (left hand) {Int-2 Slay+3}
   (You found it on level 2 of the Swamp)

   [ring of intelligence]

   It affects your intelligence (-2).
   It affects your accuracy and damage with ranged weapons and melee attacks
   (+3).
 P - an uncursed ring of protection from magic
 S - the brooch of Shielding (around neck) {Reflect SH+8}
   (You bought it in a shop in a bazaar)

   [amulet of reflection]

   It shields you and reflects attacks.
   It affects your SH (+8).
 T - the ring "Hiraxkafe" (right hand) {rC++ rN+}
   (You found it on level 15 of the Dungeon)

   [ring of positive energy]

   It greatly protects you from cold.
   It protects you from negative energy.
Wands
 t - a wand of clouds (15)
 B - a wand of paralysis (50)
 C - a wand of digging (16)
 D - a wand of acid (54)
 J - a wand of iceblast (14)
 V - a wand of enslavement (10)
 X - a wand of disintegration (33)
Scrolls
 h - 24 scrolls of remove curse
 k - 13 scrolls of teleportation
 l - 6 scrolls of enchant weapon
 n - 8 scrolls of blinking
 q - 12 scrolls of amnesia
 u - 2 scrolls of silence
 v - a scroll of magic mapping
 x - 3 scrolls of fear
 G - 4 scrolls of summoning
 H - 4 scrolls of vulnerability
 Q - 4 scrolls of fog
 W - 4 scrolls of identify
Potions
 e - 2 potions of mutation
 i - 8 potions of lignification
 r - 3 potions of resistance
 w - 5 potions of cancellation
 y - a potion of berserk rage
 z - 5 potions of ambrosia
 A - 22 potions of curing
 E - 7 potions of heal wounds
 F - 8 potions of brilliance
 K - 5 potions of haste
 M - 3 potions of might
 N - 4 potions of magic
 O - a potion of flight
 Z - 6 potions of agility
Books
 I - a manual of Long Blades
Miscellaneous
 c - 4 boxes of beasts
 L - 2 phantom mirrors
Comestibles
 f - 45 rations
 g - 26 chunks of flesh


   Skills:
 - Level 19.5 Fighting
 - Level 16.3 Long Blades
 - Level 2.0 Throwing
 - Level 5.5 Armour
 - Level 18.6 Dodging
 + Level 6.6 Shields
 - Level 9.0 Spellcasting
 - Level 11.9 Hexes
 + Level 9.4 Charms
 - Level 11.9 Summonings
 - Level 13.6 Necromancy
 - Level 14.0 Translocations
 + Level 8.1 Air Magic
 - Level 12.2 Invocations
 - Level 12.0 Evocations


You had 4 spell levels left.
You knew the following spells:

 Your Spells              Type           Power        Failure   Level  Hunger
a - Animate Skeleton      Necr           N/A          1%          1    None
b - Regeneration          Chrm/Necr      ###.......   1%          3    ##.....
c - Animate Dead          Necr           N/A          1%          4    ####...
d - Summon Mana Viper     Hex/Summ       ###.....     2%          5    #####..
e - Deflect Missiles      Chrm/Air       ###.......   52%         6    #######
f - Tukima's Dance        Hex            ###.....     1%          3    ##.....
g - Corpse Rot            Necr           N/A          1%          2    None
h - Death Channel         Necr           ####......   8%          6    #######
i - Ignite Poison         Fire/Tmut/Pois #.......     38%         3    ##.....
j - Summon Forest         Summ/Tloc      ####......   1%          5    #####..
k - Apportation           Tloc           ####..       1%          1    None

Your spell library contained the following spells:

 Spells                   Type           Power        Failure   Level  Hunger
 Confusing Touch          Hex            ###...       1%          1    None
 Corona                   Hex            ###....      1%          1    None
 Pain                     Necr           ####         1%          1    None
 Summon Butterflies       Summ           ###.....     1%          1    None
 Summon Small Mammal      Summ           ###.         1%          1    None
 Blink                    Tloc           N/A          1%          2    None
 Call Imp                 Summ           ###.....     1%          2    None
 Ensorcelled Hibernation  Hex/Ice        ##....       1%          2    None
 Shroud of Golubria       Chrm/Tloc      ###.......   1%          2    None
 Slow                     Hex            ###.....     1%          2    None
 Sublimation of Blood     Necr           ####......   1%          2    None
 Call Canine Familiar     Summ           ###.....     1%          3    ##.....
 Confuse                  Hex            ###.....     1%          3    ##.....
 Gell's Gravitas          Tloc           ####......   1%          3    ##.....
 Lesser Beckoning         Tloc           ####......   1%          3    ##.....
 Recall                   Summ/Tloc      N/A          1%          3    ##.....
 Summon Guardian Golem    Hex/Summ       ###.....     1%          3    ##.....
 Teleport Other           Tloc           ####....     1%          3    ##.....
 Vampiric Draining        Necr           ####......   1%          3    ##.....
 Cause Fear               Hex            ###.......   1%          4    ####...
 Passage of Golubria      Tloc           N/A          1%          4    ####...
 Summon Lightning Spire   Summ/Air       ###.....     1%          4    ####...
 Poisonous Vapours        Pois/Air       ##....       3%          2    None
 Dazzling Spray           Conj/Hex       ##....       3%          3    ##.....
 Force Lance              Conj/Tloc      ###.....     7%          4    ####...
 Fulminant Prism          Conj/Hex       ##........   12%         4    ####...
 Leda's Liquefaction      Hex/Erth       ##........   12%         4    ####...
 Summon Ice Beast         Ice/Summ       ##......     12%         4    ####...
 Beastly Appendage        Tmut           #.....       13%         1    None
 Flame Tongue             Conj/Fire      #....        13%         1    None
 Magic Dart               Conj           #...         13%         1    None
 Mephitic Cloud           Conj/Pois/Air  #.......     13%         3    ##.....
 Searing Ray              Conj           #.....       21%         2    None
 Sticks to Snakes         Tmut           #.......     21%         2    None
 Throw Frost              Conj/Ice       #.....       21%         2    None
 Conjure Flame            Conj/Fire      #.......     38%         3    ##.....
 Spider Form              Tmut/Pois      #.........   38%         3    ##.....
 Stone Arrow              Conj/Erth      #.....       38%         3    ##.....
 Ice Form                 Ice/Tmut       #.......     82%         4    ####...
 Iskenderun's Mystic Bla  Conj           #.......     82%         4    ####...
 Olgreb's Toxic Radiance  Pois           #.......     82%         4    ####...
 Throw Icicle             Conj/Ice       #.......     82%         4    ####...
 Agony                    Necr           ####....     1%          5    #####..
 Dispel Undead            Necr           ####....     1%          5    #####..
 Excruciating Wounds      Chrm/Necr      ###.......   3%          5    #####..
 Silence                  Hex/Air        ###.......   6%          5    #####..
 Invisibility             Hex            ###.....     16%         6    #######
 Shadow Creatures         Summ           N/A          16%         6    #######
 Bolt of Draining         Conj/Necr      ###.......   22%         5    #####..
 Borgnjor's Vile Clutch   Necr/Erth      ###.......   22%         5    #####..
 Yara's Violent Unravell  Hex/Tmut       ##........   32%         5    #####..
 Malign Gateway           Summ/Tloc      ####......   50%         7    #######
 Summon Hydra             Summ           ###.......   65%         7    #######
 Simulacrum               Ice/Necr       ###.......   80%         6    #######
 Controlled Blink         Tloc           N/A          97%         8    #######
 Disjunction              Tloc           ####......   97%         8    #######
 Blade Hands              Tmut           #.........   99%         5    #####..
 Fireball                 Conj/Fire      #.........   99%         5    #####..
 Conjure Ball Lightning   Conj/Air       ##........   99%         6    #######
 Bolt of Fire             Conj/Fire      #.........   100%        6    #######
 Freezing Cloud           Conj/Ice/Air   #.........   100%        6    #######
 Hydra Form               Tmut           #.........   100%        6    #######
 Dragon Form              Tmut           #.........   100%        7    #######
 Ring of Flames           Chrm/Fire      ##........   100%        7    #######
 Discord                  Hex            ###.......   100%        8    #######
 Ignition                 Fire           #.........   100%        8    #######
 Dragon's Call            Summ           ###.......   100%        9    #######
 Tornado                  Air            ###.......   100%        9    #######


Dungeon Overview and Level Annotations

Branches:
Dungeon (15/15)            Temple (1/1) D:4            Lair (6/6) D:9
  Swamp (4/4) Lair:3        Snake (4/4) Lair:4        Slime (5/5) Lair:5
    Orc (2/2) D:9             Elf (3/3) Orc:2        Vaults (4/5) D:13
  Crypt (0/3) Vaults:2     Depths (4/5) D:15

Altars:
Ashenzari
Dithmenos
Elyvilon
Gozag
Hepliaklqana
Kikubaaqudgha
Makhleb
Nemelex Xobeh
Okawaru
Ru
Sif Muna
Trog
Uskayaw
Wu Jian
Xom
Zin
The Shining One
Beogh
Jiyva

Shops:
D:5 =   Orc:2 [}(=   Elf:2 !   Elf:3 (   Vaults:1 }?[!:   Vaults:4 }
Depths:1 **

Portals:
Hell: Depths:1 Depths:2 Depths:3 Depths:4
Abyss: Depths:1 Depths:2 Depths:4
Pandemonium: Depths:3

Annotations:
D:10 1 runed door, Azzok's ghost, novice DsEE
D:14 2 runed doors, Wolly's ghost, journeyman MfTm
Swamp:2 1 transporter
Snake:4 1 runed door, Howlingfantods's ghost, adept MiFi


Innate Abilities, Weirdness & Mutations

You have hooves in place of feet.
You are completely covered in slimy green scales. (AC +4, rPois)
You resist negative energy. (rN+)
You are powered by pain.
You are completely covered in sharp spines.
You are somewhat able to resist unholy torments (1 in 2 success).
Your melee attacks may debilitate your foes.
You have a beak for a mouth.
You possess an exceptional clarity of mind.
You are very dopey. (Int -4)
You are resistant to hostile enchantments. (MR+)
Your spells are a little easier to cast, but a little less powerful.
You expend magic power (3 MP) to strengthen your wands.


Message History

The red devil hits you from afar with a +0 trident.
The sun demon hits you.
You are engulfed in flames.
You resist.
* * * LOW HITPOINT WARNING * * *
The hell hound barks!
The spriggan berserker mumbles some strange prayers to Trog.
The spriggan berserker goes berserk!
The red devil hits you from afar with a +2 vampiric demon trident.
* * * LOW HITPOINT WARNING * * *
The red devil hits you but does no damage.
The sun demon hits you!!
* * * LOW HITPOINT WARNING * * *
You focus on the pain.
You feel very mighty all of a sudden.
You are engulfed in flames.
You resist.
* * * LOW HITPOINT WARNING * * *
The spriggan berserker hits you but does no damage.
The hell hound stops to sniff the ground.
The sun demon is struck by your spines. The sun demon barely misses you.
The vampire knight hits you with a +1 great mace!!
You die...

#..§..≈≈≈≈ +..§..≈≈≈§ +..§..≈§§≈
#.§≈§..§§§ #..≈§..... .R.......
#####V34h≈.h. ####...#@3Yi≈..§
##......'iR4.≈...
###.......''e4.§...
##..........'.§§§...
##⌠(.........##§§§§..
##.[....[..#####§§§§_. ###
#...)....###...##.☼..[ #.?.#
#.......''#.Z....#♣[.∩. #......
#.......#'.........#######.......


You could see a death yak (berserk), a vampire knight, 2 sun demons, 2 spriggan
berserkers, a deep elf high priest, a polar bear (berserk), 2 efreet, 3 red
devils and a hell hound.

Vanquished Creatures
  the Royal Jelly (Slime:5)
  Mennas (Vaults:2)
  Saint Roka (Depths:1)
  2 golden dragons (Depths:4)
  A Hellbinder (WizLab)
  Nikola (Swamp:3)
  A bone dragon (Abyss:2)
  4 tentacled monstrosities
  Asterion (Depths:1)
  An Ice Fiend (IceCv)
  3 liches
  A quicksilver dragon (Depths:4)
  5 deep elf blademasters
  3 deep elf master archers (Elf:3)
  27 acid blobs
  Frances (D:14)
  6 sphinxes
  Gastronok (Lair:2)
  6 tentacled starspawn
  A shadow dragon (Depths:4)
  A revenant (Abyss:3)
  2 thorn hunters (Swamp:4)
  2 storm dragons
  Kirke (D:15)
  8 azure jellies
  7 fire giants
  5 nagarajas
  4 balrugs
  4 orc warlords
  An iron dragon (Depths:3)
  A frost giant (Depths:2)
  A ghost moth (shapeshifter) (Vaults:3)
  10 deep elf sorcerers
  11 vault wardens
  6 deep elf elementalists (Elf:3)
  16 ironheart preservers
  7 very ugly things (Depths:2)
  An entropy weaver (Vaults:2)
  A spriggan defender (Depths:3)
  10 stone giants
  2 vampire knights
  21 starcursed masses
  A blood saint (WizLab)
  6 deep elf demonologists
  11 deep elf annihilators
  Nessos (Lair:5)
  4 lorocyprocas (WizLab)
  A dire elephant (Lair:6)
  Azrael (Elf:1)
  A red draconian (Abyss:3)
  An eidolon (Abyss:2)
  11 ettins
  3 deep elf death magi
  3 green deaths (WizLab)
  6 death oozes
  7 yaktaur captains
  4 fire dragons
  8 great orbs of eyes
  Fannar (Lair:2)
  7 deep elf high priests
  17 naga warriors
  5 rakshasas
  3 shambling mangroves
  19 hydras
  12 vault guards
  10 ice dragons
  13 centaur warriors
  6 spriggan air magi
  3 death knights
  14 ogre magi
  9 anacondas
  2 ghost crabs (Swamp:2)
  A merfolk avatar (Lair:6)
  48 two-headed ogres
  28 dancing weapons
  A queen ant (Lair:2)
  13 tengu warriors
  16 alligators
  12 deep troll earth magi
  10 deep troll shamans
  10 shock serpents
  5 vampire magi
  10 thrashing horrors
  18 naga sharpshooters
  4 orc high priests
  5 spriggan berserkers
  A soul eater (Depths:3)
  8 sun demons
  2 sixfirhies (WizLab)
  Nergalle (Lair:2)
  14 deep elf knights
  6 iron trolls
  4 wretched stars
  3 salamander mystics
  5 spatial maelstroms
  10 small abominations
  A quicksilver dragon simulacrum (Depths:4)
  2 shadow demons (WizLab)
  7 unseen horrors
  13 skeletal warriors
  7 sea snakes
  4 wizards
  3 spriggan druids (Swamp:3)
  31 deep trolls
  10 swamp dragons
  Pikel (D:3)
  23 deep elf archers
  7 glowing orange brains
  7 orc knights
  7 naga ritualists
  12 ironbrand convokers
  3 phantasmal warriors
  6 orc sorcerers
  A stone giant zombie (Vaults:2)
  36 ugly things
  61 deep elf magi
  2 necromancers
  A cyclops (shapeshifter) (Vaults:3)
  A tengu skeleton (Vaults:2)
  2 manticores (D:14)
  4 worldbinders (Abyss:3)
  9 mana vipers
  4 elephants (Lair:6)
  A salamander (shapeshifter) (Vaults:1)
  2 wolf spiders (Vaults:3)
  4 shining eyes
  171 slime creatures
  8 cyclopes
  5 salamanders
  A stone giant skeleton (Vaults:2)
  41 black mambas
  3 rust devils
  3 apocalypse crabs
  19 vault sentinels
  9 smoke demons
  3 orange demons
  3 eyes of devastation
  13 naga magi
  5 gargoyles
  5 guardian serpents
  18 spiny frogs
  A spiny frog (shapeshifter) (Vaults:4)
  An elf zombie (D:15)
  2 storm dragon simulacra
  2 ice statues
  A hellion (WizLab)
  An efreet (Depths:4)
  3 kobold demonologists
  13 komodo dragons
  41 yaktaurs
  11 freezing wraiths
  3 rime drakes
  A tormentor (Depths:3)
  3 anaconda simulacra (IceCv)
  5 tengu conjurers
  3 ancient zymes
  5 hellwings
  8 ice devils
  3 meliai (D:13)
  A demonic crawler (Abyss:2)
  A queen bee (shapeshifter) (D:12)
  A jumping spider (Vaults:2)
  5 red devils
  A polar bear (shapeshifter) (D:14)
  8 tyrant leeches
  A wind drake (Lair:6)
  14 hornets
  7 trolls
  8 raiju
  3 polar bears
  A hornet (shapeshifter) (D:15)
  A raiju (shapeshifter) (Vaults:2)
  14 blink frogs
  A fire dragon zombie (D:15)
  A wolf spider simulacrum (IceCv)
  14 hippogriffs
  8 dream sheep
  5 bog bodies
  3 human simulacra
  An ettin skeleton (Abyss:2)
  A tarantella (shapeshifter) (Vaults:4)
  6 water elementals
  9 ynoxinuls
  3 redbacks (Vaults:2)
  7 spriggans
  6 shadows
  2 wyverns
  2 flying skulls
  4 air elementals
  A fire bat (Abyss:2)
  2 dire elephant simulacra (IceCv)
  6 golden eyes
  A hog (shapeshifter) (Vaults:2)
  2 fire elementals
  A hog (D:15)
  18 yaks
  24 large abominations
  10 wraiths
  6 neqoxecs
  7 chaos spawn
  6 basilisks
  20 vampire mosquitoes
  4 insubstantial wisps
  6 harpy simulacra (IceCv)
  15 swamp worms
  13 spatial vortices
  53 nagas
  4 soldier ants (Lair:2)
  2 hydra simulacra (IceCv)
  An iron troll simulacrum (IceCv)
  27 water moccasins
  An acid dragon (Vaults:2)
  A merfolk skeleton (Abyss:3)
  7 porcupines
  6 hell hounds
  A deep troll skeleton (Vaults:2)
  62 orc warriors
  5 ice beasts
  A black bear (shapeshifter) (Depths:3)
  An orc zombie (Vaults:2)
  13 swamp drakes
  2 black bears
  6 sky beasts
  5 ettin simulacra
  A necrophage (D:9)
  2 ogres (shapeshifter)
  6 phantoms
  18 boggarts
  8 eyes of draining
  28 ogres
  An orc skeleton (Vaults:2)
  A snapping turtle skeleton (Abyss:3)
  16 crocodiles
  10 centaurs
  9 big kobolds
  A big kobold (shapeshifter) (Vaults:1)
  18 bullfrogs
  2 earth elementals
  4 gnoll sergeants (D:9)
  2 human skeletons (Vaults:2)
  A wyvern skeleton (D:13)
  4 scorpions
  5 killer bees (D:9)
  A swamp dragon simulacrum (IceCv)
  6 wights
  7 howler monkeys
  An electric eel (Lair:3)
  4 centaur zombies
  8 crimson imps
  A hound (shapeshifter) (Depths:2)
  2 draconian simulacra (IceCv)
  11 jellies
  A bullfrog zombie (D:8)
  3 hounds
  5 quasits
  3 human zombies (Ossuary)
  23 orc priests
  3 iron imps
  37 orc wizards
  7 centaur skeletons
  31 worker ants
  2 iguanas
  A troll simulacrum (IceCv)
  A big kobold zombie (Ossuary)
  A centaur simulacrum (IceCv)
  3 hound zombies (Ossuary)
  3 mummies (Ossuary)
  A worker ant zombie (D:9)
  4 gnolls
  8 naga simulacra (IceCv)
  4 ogre simulacra (IceCv)
  26 adders
  A river rat (D:4)
  6 shadow imps
  10 white imps
  10 ufetubi
  6 oozes
  3 adder skeletons
  9 adder zombies (Ossuary)
  3 worms
  A dart slug (D:4)
  6 leopard geckos
  129 orcs
  6 ball pythons
  10 bats
  A bat zombie (D:2)
  7 giant cockroaches
  6 goblins
  9 hobgoblins
  10 jackals
  31 kobolds
  3 quokkas
  6 frilled lizards
  5 goblin zombies (Ossuary)
  4 hobgoblin zombies (Ossuary)
  5 jackal zombies (Ossuary)
  3 kobold zombies (Ossuary)
  A quokka skeleton (D:4)
  2 quokka zombies
  6 rats
  A rat zombie (Ossuary)
  A briar patch (Swamp:4)
  A crawling corpse (Elf:3)
  A lurking horror (Abyss:3)
  3 starspawn tentacles
2431 creatures vanquished.

Vanquished Creatures (collateral kills)
  A golden dragon (Depths:3)
  A thorn hunter (Swamp:4)
  2 tengu reavers
  2 nagarajas (Snake:4)
  An azure jelly (Slime:4)
  A fire giant (Depths:1)
  A vault warden (Vaults:1)
  A frost giant (Vaults:4)
  A deep elf sorcerer (Elf:3)
  A ghoul (Vaults:1)
  2 ironheart preservers (Vaults:4)
  A vampire knight (Depths:2)
  A deep elf demonologist (Elf:3)
  2 stone giants (Depths:1)
  2 deep elf annihilators
  2 ettins
  A blizzard demon (Depths:4)
  A deep elf death mage (Elf:3)
  A yaktaur captain (Depths:4)
  2 great orbs of eyes
  3 hydras (Swamp:4)
  An ice dragon (Depths:3)
  2 rakshasas
  A vault guard (Vaults:1)
  2 centaur warriors
  An alligator (Swamp:1)
  2 anacondas (Snake:3)
  An ogre mage (Vaults:1)
  A two-headed ogre (Depths:3)
  A deep troll shaman (Depths:3)
  A tengu warrior (Depths:4)
  2 naga sharpshooters (Snake:4)
  A vampire mage (Depths:1)
  A shock serpent (Snake:3)
  A soul eater (Depths:4)
  2 spriggan berserkers
  An iron troll (Depths:3)
  A swamp dragon (Swamp:4)
  2 glowing orange brains
  A quicksilver dragon simulacrum (Depths:4)
  A wizard (Vaults:3)
  2 deep trolls
  A naga ritualist (Snake:4)
  A harpy (Lair:6)
  A mana viper (Snake:1)
  3 orc knights
  2 deep elf magi
  3 ugly things
  2 shining eyes (Slime:4)
  A stone giant zombie (D:15)
  A sphinx skeleton (D:15)
  2 salamanders (Snake:3)
  3 black mambas
  2 naga magi (Snake:4)
  2 spiny frogs
  A rime drake (Lair:6)
  3 yaktaurs (Depths:4)
  2 freezing wraiths
  A komodo dragon (Lair:6)
  A polar bear (Lair:6)
  A hornet (Swamp:4)
  A tyrant leech (Swamp:4)
  5 slime creatures
  2 blink frogs (Lair:6)
  A water elemental (Depths:2)
  4 yaks
  2 wargs
  5 nagas (Snake:4)
  An insubstantial wisp (Swamp:2)
  A swamp worm (Swamp:1)
  A water moccasin (Lair:5)
  A porcupine (Lair:5)
  5 orc warriors
  A swamp drake (Swamp:4)
  An ettin simulacrum (Depths:4)
  8 ogres
  A centaur (Vaults:1)
  An electric eel (Snake:3)
  2 orc priests
  A hound (D:12)
  6 orc wizards
  18 orcs
  A goblin (Bailey)
  A fungus (Lair:6)
  12 plants
173 creatures vanquished.

Vanquished Creatures (others)
  A fire giant (Depths:2)
  A deep elf knight (Elf:3)
  A deep elf mage (Elf:3)
  A salamander (Snake:3)
  A tyrant leech (Swamp:2)
  A raiju (Abyss:3)
  A naga (Snake:3)
  A hell hound (Depths:4)
  A boggart (Depths:3)
  2 white imps (IceCv)
  An ufetubus (IceCv)
  An orc (Depths:1)
  A briar patch (Swamp:4)
  4 fungi
  A lurking horror (Abyss:3)
  12 plants
  A snaplasher vine (Depths:2)
  11 starspawn tentacles
  2 withered plants (D:10)
45 creatures vanquished.

Grand Total: 2649 creatures vanquished

Notes
Turn   | Place    | Note
-------+----------+-------------------------------------------
     0 | D:1      | Jannitor the Demonspawn Gladiator began the quest for the
                  | Orb.
     0 | D:1      | Reached XP level 1. HP: 16/16 MP: 1/1
   303 | D:1      | Gained mutation: You are partially covered in sharp spines.
                  | [demonic ancestry]
   303 | D:1      | Reached XP level 2. HP: 21/22 MP: 2/2
   833 | D:2      | Gained mutation: You are partially covered in slimy green
                  | scales. (AC +2) [demonic ancestry]
   833 | D:2      | Reached XP level 3. HP: 24/27 MP: 3/3
  1422 | D:2      | Reached XP level 4. HP: 33/33 MP: 4/4
  1432 | D:2      | Found a shattered altar of Ashenzari.
  2443 | D:3      | Gained mutation: You sometimes gain a little power by
                  | taking damage. [demonic ancestry]
  2443 | D:3      | Reached XP level 5. HP: 25/38 MP: 5/5
  2647 | D:4      | Reached skill level 5 in Dodging
  2696 | D:4      | Noticed a phantom
  2742 | D:4      | Killed a phantom
  2742 | D:4      | Reached XP level 6. HP: 37/46 MP: 6/6
  2994 | D:4      | Noticed a slave
  2996 | D:4      | Noticed Pikel
  2996 | D:4      | Noticed a slave
  2997 | D:4      | Noticed a slave
  2998 | D:4      | Noticed a slave
  3052 | D:3      | Killed Pikel
  3052 | D:3      | Reached skill level 3 in Fighting
  3052 | D:3      | Reached skill level 5 in Long Blades
  3052 | D:3      | Reached XP level 7. HP: 39/53 MP: 7/7
  3116 | D:4      | Found a glowing drain.
  3135 | Sewer    | Entered a sewer
  3143 | Sewer    | Reached skill level 4 in Fighting
  3685 | D:4      | Found a bloodstained altar of Trog.
  3686 | D:4      | Found a sacrificial altar of Ru.
  3686 | D:4      | Found a glowing silver altar of Zin.
  3687 | D:4      | Found a glowing golden altar of the Shining One.
  3698 | D:4      | Found a staircase to the Ecumenical Temple.
  3704 | Temple   | Entered the Ecumenical Temple
  3730 | Temple   | Became a worshipper of Warmaster Okawaru
  3835 | D:5      | Entered Level 5 of the Dungeon
  3866 | D:5      | Reached XP level 8. HP: 60/60 MP: 8/8
  4211 | D:5      | Learned a level 1 spell: Animate Skeleton
  4215 | D:5      | Learned a level 3 spell: Regeneration
  4218 | D:5      | Found Fokko's Jewellery Emporium.
  4225 | D:5      | Bought a +2 ring of slaying for 210 gold pieces
  4486 | D:6      | Reached skill level 1 in Necromancy
  4522 | D:6      | Reached * piety under Okawaru
  4734 | D:5      | Reached skill level 5 in Fighting
  5094 | D:7      | Noticed a gargoyle
  5119 | D:7      | Killed a gargoyle
  5119 | D:7      | Reached ** piety under Okawaru
  5119 | D:7      | Gained mutation: You are mostly covered in sharp spines.
                  | [demonic ancestry]
  5119 | D:7      | Reached XP level 9. HP: 37/68 MP: 9/9
  5560 | D:8      | Reached skill level 1 in Invocations
  5564 | D:8      | Identified a scroll of acquirement
  5567 | D:8      | Got a smoking great sword
  5568 | D:8      | Identified the +4 great sword of Pain and Death {slice,
                  | +Fly Dex+3} (You acquired it on level 8 of the Dungeon)
  5800 | D:8      | Found a sand-covered staircase.
  5805 | Ossuary  | Entered an ossuary
  5929 | Ossuary  | Reached skill level 6 in Fighting
  6010 | Ossuary  | Reached *** piety under Okawaru
  6105 | D:8      | Noticed a two-headed ogre
  6325 | D:9      | Reached skill level 1 in Charms
  6340 | D:9      | Found a staircase to the Lair.
  6475 | D:9      | Reached XP level 10. HP: 66/77 MP: 13/13
  6535 | D:9      | Reached **** piety under Okawaru
  6580 | D:9      | Found a burning altar of Makhleb.
  6742 | D:9      | Reached skill level 5 in Invocations
  6747 | D:9      | Noticed a two-headed ogre
  6760 | D:9      | Killed a two-headed ogre
  6763 | D:9      | Reached skill level 10 in Dodging
  6944 | D:8      | Killed a two-headed ogre
  6944 | D:8      | Reached ***** piety under Okawaru
  6944 | D:8      | Reached skill level 7 in Fighting
  7223 | D:9      | Noticed a centaur warrior
  7223 | D:9      | Noticed a two-headed ogre
  7223 | D:9      | Noticed a centaur warrior
  7223 | D:9      | Noticed a death knight
  7242 | D:9      | Killed a centaur warrior
  7247 | D:9      | Killed a centaur warrior
  7247 | D:9      | Gained mutation: You have large cloven feet. [demonic
                  | ancestry]
  7247 | D:9      | Reached XP level 11. HP: 82/84 MP: 11/14
  7253 | D:9      | Killed a two-headed ogre
  7286 | D:9      | Killed a death knight
  7400 | D:9      | Got a pitted dagger
  7401 | D:9      | Identified the +10 dagger of Death's Door {flame, rN+} (You
                  | found it on level 9 of the Dungeon)
  7650 | D:9      | Received a gift from Okawaru
  7651 | D:9      | Found a staircase to the Orcish Mines.
  7821 | D:10     | Entered Level 10 of the Dungeon
  7882 | D:10     | Reached skill level 8 in Fighting
  8020 | D:10     | Found a runed door.
  8020 | D:10     | Noticed Azzok's ghost (novice DsEE)
  8225 | D:10     | Reached skill level 1 in Spellcasting
  8789 | D:11     | Found a transporter.
  8791 | D:11     | Noticed an orc sorcerer
  8795 | D:11     | Found a roughly hewn altar of Beogh.
  8795 | D:11     | Found a transporter.
  8795 | D:11     | Noticed an orc sorcerer
  9338 | D:11     | Noticed a seven-headed hydra
  9347 | D:11     | Killed a seven-headed hydra
  9347 | D:11     | Reached skill level 1 in Armour
  9478 | Lair:1   | Entered Level 1 of the Lair of Beasts
 10099 | Lair:1   | Gained mutation: You are completely covered in sharp
                  | spines. [demonic ancestry]
 10099 | Lair:1   | Reached XP level 12. HP: 94/94 MP: 16/16
 10682 | Lair:2   | Noticed a queen ant
 10732 | Lair:2   | Killed a queen ant
 10742 | Lair:2   | Reached ****** piety under Okawaru
 10752 | Lair:2   | Noticed a six-headed hydra
 10820 | Lair:2   | Reached skill level 9 in Fighting
 10862 | Lair:2   | Killed a six-headed hydra
 10992 | Lair:2   | Reached skill level 1 in Evocations
 11019 | Lair:2   | Noticed Fannar
 11046 | Lair:2   | Killed Fannar
 11283 | Lair:2   | Noticed Nergalle
 11303 | Lair:2   | Killed Nergalle
 11380 | Lair:2   | Noticed Gastronok
 11407 | Lair:2   | Killed Gastronok
 11407 | Lair:2   | Received a gift from Okawaru
 11407 | Lair:2   | Reached skill level 5 in Necromancy
 11960 | Lair:3   | Noticed a seven-headed hydra
 11975 | Lair:3   | Killed a seven-headed hydra
 12339 | Lair:3   | Received a gift from Okawaru
 12346 | Lair:3   | Gained mutation: You are mostly covered in slimy green
                  | scales. (AC +3) [demonic ancestry]
 12346 | Lair:3   | Reached XP level 13. HP: 65/103 MP: 14/19
 12374 | Lair:3   | Found a staircase to the Swamp.
 12613 | Lair:3   | You fall through a shaft for 3 floors!
 12613 | Lair:6   | Entered Level 6 of the Lair of Beasts
 12851 | Lair:5   | Reached skill level 10 in Fighting
 12851 | Lair:5   | Reached skill level 1 in Shields
 12868 | Lair:5   | Reached skill level 5 in Armour
 12945 | Lair:4   | Got a diamond-encrusted plate armour
 12946 | Lair:4   | Identified the +1 plate armour of Wiysog {rF+} (You
                  | acquired it on level 4 of the Lair of Beasts)
 13206 | Lair:4   | Found a staircase to the Snake Pit.
 13272 | Lair:4   | Reached skill level 10 in Long Blades
 13793 | Lair:5   | Noticed Nessos
 13814 | Lair:5   | Killed Nessos
 13814 | Lair:5   | Reached skill level 5 in Evocations
 13911 | Lair:5   | Learned a level 4 spell: Animate Dead
 14119 | Lair:5   | Found a runed door.
 14120 | Lair:5   | Found a viscous altar of Jiyva.
 14124 | Lair:5   | Found a staircase to the Slime Pits.
 14344 | Lair:6   | Received a gift from Okawaru
 14355 | Lair:6   | Got a twisted demon blade {god gift}
 14356 | Lair:6   | Identified the +6 demon blade of Optimality {venom, rN+}
                  | (Okawaru gifted it to you on level 6 of the Lair of Beasts)
 14656 | Lair:6   | Noticed a dire elephant
 14685 | Lair:6   | Received a gift from Okawaru
 14686 | Lair:6   | Identified the +1 plate armour of Ruohe {+Blink rPois rC-
                  | Int+3 Dex+3} (Okawaru gifted it to you on level 6 of the
                  | Lair of Beasts)
 14694 | Lair:6   | Killed a dire elephant
 14704 | Lair:6   | Gained mutation: You are completely covered in slimy green
                  | scales. (AC +4, rPois) [demonic ancestry]
 14704 | Lair:6   | Reached XP level 14. HP: 104/111 MP: 8/20
 14862 | Lair:6   | Reached skill level 11 in Fighting
 15539 | Orc:1    | Entered Level 1 of the Orcish Mines
 15654 | Orc:1    | Reached skill level 5 in Spellcasting
 15655 | Orc:1    | Noticed an orc warlord
 15735 | D:9      | Learned a level 5 spell: Summon Mana Viper
 15750 | D:9      | Killed an orc warlord
 16061 | Orc:2    | Entered Level 2 of the Orcish Mines
 16186 | Orc:2    | Found a roughly hewn altar of Beogh.
 16208 | Orc:2    | Noticed an orc warlord
 16227 | Orc:2    | Killed an orc warlord
 16227 | Orc:2    | Received a gift from Okawaru
 16631 | Orc:2    | Noticed an orc warlord
 16700 | Orc:2    | Killed an orc warlord
 16700 | Orc:2    | Received a gift from Okawaru
 16743 | Orc:2    | Found Liump's Antique Armour Boutique.
 16744 | Orc:2    | Found a roughly hewn altar of Beogh.
 16745 | Orc:2    | Found Roogidwa's Antique Weapon Shop.
 16758 | Orc:2    | Bought a glowing buckler for 225 gold pieces
 16758 | Orc:2    | Bought the +1 cloak of Starlight {rElec rC+ EV+4 Stlth--}
                  | for 1335 gold pieces
 16758 | Orc:2    | Found the +1 cloak of Starlight {rElec rC+ EV+4 Stlth--}
 16844 | Orc:2    | Found a roughly hewn altar of Beogh.
 16845 | Orc:2    | Found Utait's Jewellery Shop.
 17104 | Orc:2    | Found a roughly hewn altar of Beogh.
 17117 | Orc:2    | Found Eshree's Gadget Emporium.
 17170 | Orc:2    | Found a staircase to the Elven Halls.
 17582 | D:12     | Found a runed door.
 17582 | D:12     | Noticed a sphinx
 17583 | D:12     | Noticed a stone giant
 17588 | D:12     | Found a flagged portal.
 17607 | Bailey   | Entered a bailey
 17612 | Bailey   | Noticed an orc warlord
 17683 | Bailey   | Found a runed gate.
 17683 | Bailey   | Found a runed gate.
 17683 | Bailey   | Found a runed gate.
 17798 | Bailey   | Gained mutation: You are occasionally teleported next to
                  | monsters. [potion of mutation]
 17798 | Bailey   | Gained mutation: Your spells are a little harder to cast,
                  | but a little more powerful. [potion of mutation]
 17799 | Bailey   | Lost mutation: Your spells are a little harder to cast, but
                  | a little more powerful. [potion of mutation]
 17799 | Bailey   | Lost mutation: You are occasionally teleported next to
                  | monsters. [potion of mutation]
 17799 | Bailey   | Gained mutation: You possess an exceptional clarity of
                  | mind. [potion of mutation]
 17799 | Bailey   | Gained mutation: You have a beak for a mouth. [potion of
                  | mutation]
 17799 | Bailey   | Gained mutation: You are resistant to hostile enchantments.
                  | (MR+) [potion of mutation]
 17845 | Bailey   | Learned a level 4 spell: Summon Ice Beast
 17867 | Bailey   | Killed an orc warlord
 17889 | Bailey   | Found the +3 crown of Dyrovepreva {rElec Int+2 SInv}
 18013 | D:12     | Reached skill level 12 in Fighting
 18217 | D:12     | Received a gift from Okawaru
 18510 | D:12     | Gained mutation: You sometimes gain power by taking damage.
                  | [demonic ancestry]
 18510 | D:12     | Reached XP level 15. HP: 122/122 MP: 22/22
 18529 | D:12     | Killed a sphinx
 18529 | D:12     | Received a gift from Okawaru
 18541 | D:12     | Got an ancient cloak
 18552 | D:12     | Identified the +2 cloak "Teqyqohe" {rF+ Regen+ Int+5 Dex-3}
                  | (You found it on level 12 of the Dungeon)
 18622 | D:12     | Learned a level 3 spell: Tukima's Dance
 18732 | D:13     | Gained mutation: You have hoof-like feet. [demonic
                  | ancestry]
 18732 | D:13     | Reached XP level 16. HP: 127/129 MP: 23/23
 18742 | D:13     | Found a gate to the Vaults.
 18824 | D:13     | Reached skill level 1 in Hexes
 18826 | D:13     | Reached skill level 1 in Summonings
 18973 | D:13     | Received a gift from Okawaru
 19497 | D:14     | Noticed Frances
 19522 | D:14     | Found a large runed door.
 19522 | D:14     | Found a large runed door.
 19522 | D:14     | Noticed Wolly's ghost (journeyman MfTm)
 19522 | D:14     | Killed Frances
 20014 | D:15     | Entered Level 15 of the Dungeon
 20018 | D:15     | Reached skill level 13 in Fighting
 20028 | D:15     | Got an ancient bronze ring
 20031 | D:15     | Identified the ring "Hiraxkafe" {rC++ rN+} (You found it on
                  | level 15 of the Dungeon)
 20089 | D:15     | Found a staircase to the Depths.
 20132 | D:15     | Received a gift from Okawaru
 20155 | D:15     | Received a gift from Okawaru
 20162 | D:15     | Got a jewelled buckler {god gift}
 20173 | D:15     | Identified the +1 buckler of Bustru {Str+3} (Okawaru gifted
                  | it to you on level 15 of the Dungeon)
 20575 | D:15     | Noticed Kirke
 20587 | D:15     | Killed Kirke
 21085 | Swamp:1  | Entered Level 1 of the Swamp
 21166 | Swamp:1  | Gained mutation: Your spells are a little easier to cast,
                  | but a little less powerful. [a neqoxec]
 21751 | Swamp:2  | Found a transporter.
 21761 | Swamp:2  | Reached skill level 5 in Summonings
 21815 | Swamp:2  | Reached skill level 5 in Hexes
 21882 | Swamp:2  | Found a transporter.
 21886 | Swamp:2  | Got a pitted hat
 21897 | Swamp:2  | Identified the +0 hat of Vikk {rC- Str-2 Dex+6 Slay+5} (You
                  | acquired it on level 2 of the Swamp)
 22128 | Swamp:2  | Got a glittering lead ring
 22130 | Swamp:2  | Identified the cursed ring "Iroos" {Int-2 Slay+3} (You
                  | found it on level 2 of the Swamp)
 22519 | Swamp:3  | Received a gift from Okawaru
 22536 | Swamp:3  | Reached XP level 17. HP: 116/137 MP: 19/24
 22565 | Swamp:3  | Noticed Nikola
 22584 | Swamp:3  | Killed Nikola
 22584 | Swamp:3  | Received a gift from Okawaru
 23197 | Swamp:4  | Entered Level 4 of the Swamp
 23359 | Swamp:4  | Received a gift from Okawaru
 23512 | Swamp:4  | Received a gift from Okawaru
 23610 | Swamp:4  | Got a decaying rune of Zot
 24314 | Snake:1  | Entered Level 1 of the Snake Pit
 24348 | Snake:1  | Received a gift from Okawaru
 24401 | Snake:1  | Learned a level 2 spell: Corpse Rot
 24869 | Snake:1  | Got a pair of jewelled boots
 24880 | Snake:1  | Identified the +0 pair of boots of Dyliuvid {-Cast Int+4
                  | Dex+7} (You acquired it on level 1 of the Snake Pit)
 24895 | Snake:1  | Got a polished cloak
 24906 | Snake:1  | Identified the -2 cloak of Iqynk {SInv} (You acquired it on
                  | level 1 of the Snake Pit)
 25013 | Snake:2  | Found a shimmering altar of Xom.
 25324 | Snake:2  | Found a sacrificial altar of Ru.
 25420 | Snake:2  | Reached XP level 18. HP: 145/145 MP: 25/25
 25503 | Snake:3  | Reached skill level 10 in Summonings
 25570 | Snake:3  | Reached skill level 10 in Hexes
 25578 | Snake:3  | Received a gift from Okawaru
 25757 | Snake:3  | Reached skill level 14 in Fighting
 26229 | Snake:4  | Entered Level 4 of the Snake Pit
 26427 | Snake:4  | Found a runed door.
 26431 | Snake:4  | Received a gift from Okawaru
 26446 | Snake:4  | Noticed Howlingfantods's ghost (adept MiFi)
 26489 | Snake:4  | Found a frozen archway.
 26512 | IceCv    | Entered an ice cave
 26990 | IceCv    | Noticed an Ice Fiend
 27012 | IceCv    | Killed an Ice Fiend
 27118 | IceCv    | Got a pair of polished boots
 27129 | IceCv    | Identified the cursed -6 pair of boots "Iromn" {rElec rC++
                  | Int-2 Dex+8} (You found it in an ice cave)
 27142 | IceCv    | Got a pair of scorched boots
 27153 | IceCv    | Identified the -4 pair of boots of Osaic {*Drain rPois
                  | Regen+ Dex+4} (You found it in an ice cave)
 28213 | Snake:4  | Gained mutation: You have hooves in place of feet. [demonic
                  | ancestry]
 28213 | Snake:4  | Reached XP level 19. HP: 154/154 MP: 23/26
 28274 | Snake:4  | Received a gift from Okawaru
 28340 | Snake:4  | Got a serpentine rune of Zot
 28612 | Vaults:1 | Entered Level 1 of the Vaults
 28658 | Vaults:1 | Reached skill level 15 in Fighting
 28869 | Vaults:1 | Learned a level 6 spell: Death Channel
 28871 | Vaults:1 | Found Geoptiurch's Distillery.
 28879 | Vaults:1 | Bought a potion of experience for 750 gold pieces
 28879 | Vaults:1 | Reached XP level 20. HP: 162/162 MP: 23/27
 28988 | Vaults:1 | Found Jiprarui's Book Shoppe.
 29162 | Vaults:1 | Reached skill level 10 in Necromancy
 29181 | Vaults:1 | Found Yjitt's Magic Scroll Shop.
 29189 | Vaults:1 | Bought a scroll of acquirement for 884 gold pieces
 29192 | Vaults:1 | Got an ichor-stained cloak
 29203 | Vaults:1 | Identified the +2 cloak of the Ban {rElec rCorr Dex+3} (You
                  | acquired it on level 1 of the Vaults)
 29231 | Vaults:1 | Found Udiolid's Gadget Shop.
 29247 | Vaults:1 | Got a pair of brightly glowing gloves
 29258 | Vaults:1 | Identified the +1 pair of gloves of the Fiend {rPois MR-
                  | Str+4 SInv} (You acquired it on level 1 of the Vaults)
 29437 | Vaults:1 | Reached skill level 15 in Dodging
 29503 | Vaults:1 | Found Pone's Armour Emporium.
 29986 | Vaults:2 | Received a gift from Okawaru
 30252 | Vaults:2 | Noticed Mennas
 30535 | Vaults:2 | Received a gift from Okawaru
 30536 | Vaults:2 | Found the +3 hat of Pondering {ponderous, MR+ MP+10 Int+5}
 30559 | Vaults:2 | Gained mutation: You resist negative energy. (rN+) [demonic
                  | ancestry]
 30559 | Vaults:2 | Reached XP level 21. HP: 162/170 MP: 28/28
 30798 | Vaults:2 | Reached skill level 16 in Fighting
 31029 | Vaults:2 | Killed Mennas
 31382 | Vaults:2 | Found a staircase to the Crypt.
 31800 | Vaults:3 | Reached skill level 10 in Evocations
 31982 | Vaults:3 | Received a gift from Okawaru
 32585 | Vaults:3 | You fall through a shaft!
 33530 | Vaults:4 | Gained mutation: You are somewhat able to resist unholy
                  | torments (1 in 2 success). [demonic ancestry]
 33530 | Vaults:4 | Reached XP level 22. HP: 162/180 MP: 30/30
 33532 | Vaults:4 | Reached skill level 17 in Fighting
 33539 | Vaults:4 | Received a gift from Okawaru
 33823 | Vaults:4 | Found Fauseirph's Gadget Boutique.
 33829 | Vaults:4 | Bought a wand of clouds (3) for 378 gold pieces
 34613 | Elf:1    | Entered Level 1 of the Elven Halls
 34836 | Elf:1    | Received a gift from Okawaru
 34883 | Elf:1    | Noticed Azrael
 34890 | Elf:1    | Killed Azrael
 35469 | Elf:1    | Upgraded the game from 0.23-a0-703-gdf2d5e0dd9 to
                  | 0.23-a0-710-gaad00d04af
 35811 | Elf:2    | Learned a level 3 spell: Ignite Poison
 35884 | Elf:2    | Found Qaijeiwk's Distillery.
 35910 | Elf:2    | Bought a potion of haste for 100 gold pieces
 35910 | Elf:2    | Bought a potion of haste for 100 gold pieces
 35910 | Elf:2    | Bought a potion of heal wounds for 50 gold pieces
 36034 | Elf:2    | Found a huge runed gate.
 36034 | Elf:2    | Found a huge runed gate.
 36034 | Elf:2    | Found a huge runed gate.
 36075 | Elf:3    | Entered Level 3 of the Elven Halls
 36103 | Elf:3    | Identified the +4 ring mail "Gaiz" {Str-2 Dex+5 SInv
                  | Stlth+} (You found it on level 3 of the Elven Halls)
 36616 | Elf:3    | Found Ejim's Weapon Shoppe.
 36623 | Elf:3    | Received a gift from Okawaru
 36976 | Elf:3    | Received a gift from Okawaru
 36981 | Elf:3    | Reached skill level 18 in Fighting
 37037 | Elf:3    | Identified the +7 chain mail of Hidoxkag {rC+ MR+ rCorr
                  | Int+3}
 37042 | Elf:3    | Identified the +6 glaive "Fish" {elec, rN+ Int+3 Dex+2}
 37042 | Elf:3    | Identified the ring "Tausefuda" {rPois rN+ Int+3}
 37346 | Elf:3    | Gained mutation: You are powered by pain. [demonic
                  | ancestry]
 37346 | Elf:3    | Reached XP level 23. HP: 189/189 MP: 35/35
 37712 | Elf:3    | Identified the +3 large shield of the Devil's Advocate
                  | {rPois Dex+2 Stlth+} (You found it on level 3 of the Elven
                  | Halls)
 37723 | Elf:3    | Identified the Compendium of Illusion and Beguiling
 37750 | Elf:3    | Learned a level 5 spell: Summon Forest
 37786 | Elf:3    | Identified Zuatakh's Reference Book on Dislocation
 37802 | Elf:3    | Identified Sif Muna's Volume of Creative Ice
 37963 | Elf:2    | Reached skill level 1 in Translocations
 38630 | Slime:1  | Entered Level 1 of the Pits of Slime
 38637 | Slime:1  | Gained mutation: You are dopey. (Int -2) [a shining eye]
 38645 | Lair:5   | Received a gift from Okawaru
 38806 | Slime:1  | Reached skill level 5 in Translocations
 40317 | Slime:4  | Received a gift from Okawaru
 40381 | Slime:4  | Reached skill level 10 in Translocations
 40497 | Slime:3  | Found a viscous altar of Jiyva.
 40730 | Slime:4  | Gained mutation: You are weak. (Str -2) [a shining eye]
 41066 | Slime:5  | Entered Level 5 of the Pits of Slime
 41075 | Slime:5  | Gained mutation: You are very weak. (Str -4) [a shining
                  | eye]
 41102 | Slime:5  | Gained mutation: Your melee attacks may debilitate your
                  | foes. [demonic ancestry]
 41102 | Slime:5  | Reached XP level 24. HP: 166/198 MP: 11/36
 42115 | Slime:5  | Found a viscous altar of Jiyva.
 42118 | Slime:5  | Noticed the Royal Jelly
 42143 | Slime:5  | Killed the Royal Jelly
 42201 | Slime:5  | Got a slimy rune of Zot
 42259 | Slime:5  | Identified the Almanac of the Immovable Ghosts
 42268 | Slime:5  | Identified the cursed +0 plate armour of the Constellations
                  | {rElec Dex+4} (You found it on level 5 of the Pits of
                  | Slime)
 42629 | Depths:1 | Entered Level 1 of the Depths
 42631 | Depths:1 | Noticed Asterion
 42645 | Depths:1 | Found a one-way gate to the infinite horrors of the Abyss.
 42665 | Depths:1 | Killed Asterion
 42665 | Depths:1 | Received a gift from Okawaru
 42741 | Depths:1 | Found Qasuuk's Assorted Antiques.
 42781 | Depths:1 | Noticed Saint Roka
 42800 | Depths:1 | Killed Saint Roka
 42910 | Depths:1 | Found a gateway to Hell.
 43265 | Depths:1 | Found Yschub's Assorted Antiques.
 43273 | Depths:1 | Lost mutation: You are very weak. (Str -4) [potion of
                  | mutation]
 43273 | Depths:1 | Lost mutation: You are weak. (Str -2) [potion of mutation]
 43273 | Depths:1 | Gained mutation: You expend magic power (3 MP) to
                  | strengthen your wands. [potion of mutation]
 43613 | Depths:2 | Found a magical portal.
 43629 | WizLab   | Entered The Hall of the Hellbinder
 44132 | WizLab   | Found a burning altar of Makhleb.
 44162 | WizLab   | Identified the Reference Book on Creation
 44288 | WizLab   | Got a brightly glowing lead ring
 44289 | WizLab   | Identified the ring of Kashrusa {rPois Dex+4} (You found it
                  | in a wizard's laboratory)
 44293 | WizLab   | Got a twitching glass ring
 44294 | WizLab   | Identified the ring of Rakhluin {Fire *Contam +Blink rElec
                  | rN+++} (You found it in a wizard's laboratory)
 44421 | Depths:2 | Received a gift from Okawaru
 44466 | Depths:2 | Found a portal to a secret trove of treasure.
 44508 | Depths:2 | Voluntarily entered the Abyss.
 44518 | Abyss:1  | Found a basalt altar of Yredelemnul.
 44558 | Abyss:1  | Learned a level 1 spell: Apportation
 44574 | Abyss:2  | Found a corrupted altar of Lugonu.
 44693 | Abyss:2  | Gained mutation: You are very dopey. (Int -4) [a neqoxec]
 44758 | Abyss:2  | Found a corrupted altar of Lugonu.
 44769 | Abyss:2  | Received a gift from Okawaru
 44927 | Abyss:2  | Reached skill level 10 in Invocations
 44935 | Abyss:2  | Reached skill level 15 in Long Blades
 45191 | Abyss:2  | Reached skill level 19 in Fighting
 45191 | Abyss:2  | Reached XP level 25. HP: 184/205 MP: 36/36
 45829 | Abyss:3  | Found an ancient bone altar of Kikubaaqudgha.
 45831 | Abyss:3  | Found an ancient bone altar of Kikubaaqudgha.
 46063 | Abyss:3  | Found a corrupted altar of Lugonu.
 46069 | Abyss:3  | Got an abyssal rune of Zot
 46082 | Abyss:3  | Received a gift from Okawaru
 46082 | Abyss:3  | Paralysed by accursed screaming for 1 turns
 46456 | Abyss:3  | Received a gift from Okawaru
 46584 | Depths:2 | Escaped the Abyss
 46618 | Depths:2 | You showed the abyssal rune of Zot to enter a treasure
                  | trove
 46619 | Trove    | Entered a treasure trove
 46622 | Trove    | Found the +3 warlock's mirror {reflect}
 46624 | Trove    | Found the +9 scales of the Dragon King {rPois rF+ rC+ MR+}
 46644 | Trove    | Identified the +0 hat of Idealism {rElec rCorr Str-5 Int+3}
                  | (You found it in a treasure trove)
 46653 | Trove    | Identified the +0 pair of gloves of the Greedy {rF- rN++
                  | MR+} (You found it in a treasure trove)
 46659 | Trove    | Identified the -6 pair of gloves of the Jackalope {MR++
                  | MP-9} (You found it in a treasure trove)
 46678 | Trove    | Identified the +0 scale mail of Weckulle {rElec rPois MR+
                  | rCorr Int-5} (You found it in a treasure trove)
 46833 | Depths:2 | Found an iron altar of Okawaru.
 47155 | Depths:2 | Learned a level 6 spell: Deflect Missiles
 47216 | Depths:2 | Reached skill level 1 in Air Magic
 47226 | Depths:2 | Reached skill level 5 in Charms
 47968 | Depths:3 | Received a gift from Okawaru
 48004 | Depths:3 | Reached skill level 5 in Air Magic
 48133 | Depths:3 | Found a shattered altar of Ashenzari.
 48247 | Depths:3 | Found a flickering gateway to a bazaar.
 48283 | Bazaar   | Entered a bazaar
 48304 | Bazaar   | Found Noshrusm's Food Boutique.
 48333 | Bazaar   | Found Eroemehu's Food Boutique.
 48358 | Bazaar   | Found Icimaria's Food Boutique.
 48372 | Bazaar   | Found Besezaref's Jewellery Shop.
 48406 | Bazaar   | Bought the brooch of Shielding {Reflect SH+8} for 1700 gold
                  | pieces
 48406 | Bazaar   | Found the brooch of Shielding {Reflect SH+8}
 48793 | Depths:3 | Found a one-way gate leading to the halls of Pandemonium.
 48876 | Depths:3 | Reached XP level 26. HP: 152/214 MP: 36/36
 49176 | Depths:4 | Received a gift from Okawaru
 49182 | Depths:4 | Reached skill level 5 in Shields
 49290 | Depths:4 | Found an opulent altar of Gozag.
 49509 | Depths:4 | Found the +2 ratskin cloak {+Rats rPois rN+ Str-1 Int-1
                  | Dex+1}
 49560 | Depths:4 | Got a glittering jade amulet
 49562 | Depths:4 | Identified the amulet "Ceamink" {Acrobat rPois Stlth+} (You
                  | found it on level 4 of the Depths)
 49704 | Depths:4 | Found a deep blue altar of Sif Muna.
 49716 | Depths:4 | Paralysed by a vampire knight for 6 turns
 49720 | Depths:4 | Slain by a vampire knight

Vault maps used:
D:1:      lightli_arrival_flooded_house
D:2:      nicolae_ashenzari_panopticon, serial_undead, serial_undead_e,
          serial_undead_e, serial_undead_d, serial_undead_f, wad_floor_pattern_1
D:4:      chequers_temple_overflow_statue_of_worship, minmay_temple_entry_hall,
          portal_sewer_entry_b, uniq_pikel
D:5:      first_ration, minmay_shop_enchanted_jewellery
D:7:      hangedman_abyss_or_decor_slice, hangedman_decor_growths
D:8:      enter_ossuary_2, kennysheep_generic_room_15
D:9:      minmay_the_grid_octo_2x2, makhleb_heckhound_becter, lair_entry_dummy,
          kennysheep_orc_monster_closet_entryway
D:10:     statuecave_lemuel, gammafunk_ghost_grave
D:11:     gammafunk_beogh_shrine
D:12:     enter_bailey_6, the_bakery, kennysheep_treasure_room
D:13:     david_vaults_5, small_chamber_with_monster
D:14:     ebering_ghost_disaster_area, minmay_misc_feat_nine_boxes, uniq_frances
D:15:     gammafunk_depths_entry_grave, serial_co_window_serial,
          co_window_of_opportunity_a, co_window_paths_a, co_window_paths_b,
          co_window_of_opportunity_a, co_window_corner_a, co_window_paths_a,
          co_window_corner_a, co_window_paths_b, co_window_paths_a,
          co_window_of_opportunity_b, co_window_unsneaky_path_d,
          co_window_broadway_c, glass_columns_c, uniq_kirke
Temple:   nicolae_temple_elliptical
Lair:2:   minmay_another_anthill, lemuel_fruit_fields,
          infiniplex_staircase_pool, uniq_fannar, uniq_nergalle, uniq_gastronok
Lair:3:   nicolae_swamp_entry_splash_gauntlet, grunt_megastairs_1
Lair:4:   minmay_snake_entry_six_corridors, chequers_serial_rivers_micro_c
Lair:5:   slime_altar_2, uniq_nessos
Lair:6:   gammafunk_lair_ancient_temple, lemuel_old_faithful
Swamp:1:  nicolae_swamp_fairy_circle, swamp_pool1, cheibrodos_swamp_kobolds
Swamp:2:  gammafunk_the_bubble, nicolae_swamp_trees_clearing
Swamp:3:  evilmike_swamp_ruin_house_3, uniq_nikola
Swamp:4:  swamp_basic_johnstein, swamp_pool4
Snake:1:  grunt_ministairs_11, spider_trap
Snake:2:  skrybe_snakes_to_sticks, basic_altar, spider_trap
Snake:3:  serial_bayou_lagoon_b, basic_stair_grate_trap
Snake:4:  johnstein_snake_rune_scales, portal_ice_cave_entry_pillars_2,
          gammafunk_ghost_grave
Slime:3:  basic_altar
Orc:2:    grunt_orc_community_town_hall, grunt_orc_community_big_house_1,
          grunt_orc_community_big_house_2, grunt_orc_community_house_3,
          grunt_orc_community_house_2, grunt_orc_community_house_3,
          grunt_orc_community_house_1, grunt_orc_community_house_3,
          grunt_orc_community_house_1
Elf:1:    minivault_28, uniq_azrael
Elf:2:    serial_shops, shop
Elf:3:    minmay_elf_hall_furrowed, serial_glass, glass_columns_c,
          glass_columns_b, serial_shops, shop
Vaults:1: hangedman_vaults_cutoff, vaults_dpeg_diagonal, hangedman_vaults_nails,
          nicolae_vaults_rhombus_7, hangedman_vaults_stretched_pinwheel,
          hangedman_vaults_capsules, serial_shops, nicolae_shop_statue_plus,
          nicolae_shop_trees, shop, nicolae_shop_waterfront, shop_statue
Vaults:2: minmay_crypt_entry_skeletal_spiral, v_alt_pattern_3,
          hangedman_vaults_stretched_pinwheel, v_misc_9,
          vaults_standard_mumra_enter_the_diamond,
          vaults_mumra_minichess_inversion, vaults_room_corners, v_misc_28,
          vaults_dpeg_hooks, v_pattern_3, ontoclasm_vaults_gateway,
          nicolae_vaults_know_your_exits, vaults_dpeg_cross, uniq_mennas
Vaults:3: hangedman_vaults_snaps, v_misc_5, nicolae_vaults_network_quincunx,
          vaults_room_octagon, v_misc_4, nicolae_vaults_windows_and_doors_thing,
          hangedman_vaults_stagger, nicolae_vaults_quartermaster,
          nicolae_vaults_rhombus_6, ontoclasm_vaults_decontamination
Vaults:4: v_alt_pattern_2, nicolae_vaults_little_squares_2,
          nicolae_vaults_network_quinsquares, ontoclasm_vaults_fault,
          v_alt_pattern_6, nicolae_vaults_quadrants, v_misc_1,
          vaults_room_pools, v_pattern_5, v_misc_4, serial_shops,
          nicolae_shop_crystal
Depths:1: serial_shops, shop, shop_fountains, abyss_entry,
          chequers_serial_rivers_small_3, grunt_hell_entry_dis_mu,
          patterned_corridor, uniq_asterion, uniq_saint_roka
Depths:2: kennysheep_scales, hell_entry, nicolae_wwwww,
          hangedman_abyss_entry_splay, enter_trove_5,
          infiniplex_enter_wizlab_water, minmay_misc_feat_pillars, fountainhead,
          small_statue_intersection, minmay_misc_feat_alley,
          hangedman_decor_opposing, okawaru_ov_weapons_minmay
Depths:3: hangedman_cross_veins, hangedman_decor_slide_cut, serial_shops,
          bzr_entry_islet, pf_coc_iceberg, grunt_pan_entry_zigzag,
          lemuel_statue_altar
Depths:4: grunt_profane_halls, pan_entry, abyss_entry, hell_entry
Abyss:1:  hangedman_abyss_or_decor_passed
Bazaar:   bazaar_minmay_snake
Trove:    trove_armour_1
Sewer:    sewer_fruit_machine
Ossuary:  minmay_ossuary_two_tombs
Bailey:   bailey_axe_bossmonster_kennysheep, bailey
IceCv:    ice_cave_caverns_02
WizLab:   wizlab_demon

Skill      XL: |  1  2  3  4  5  6  7  8  9 10 11 12 13 14 15 16 17 18 19 20 21 22 23 24 25 26 |
---------------+-------------------------------------------------------------------------------+-----
Throwing       | 2 |  2.0
Dodging        | 3 4 5 6 8 9 10 11 12 13 14 15 16 17 18 | 18.6
Long Blades    | 3 4 5 6 7 8 9 10 12 13 14 15 16 | 16.3
Fighting       | 3 4 5 6 7 8 9 10 12 13 14 15 16 18 19 | 19.5
Necromancy     | 3 5 7 8 9 11 13 | 13.6
Invocations    | 4 5 6 8 10 12 | 12.2
Charms         | 1 3 4 8 9 |  9.4
Spellcasting   | 3 4 5 8 9 |  9.0
Armour         | 2 4 5 |  5.5
Evocations     | 3 6 7 9 11 12 | 12.0
Shields        | 4 6 |  6.6
Hexes          | 5 9 11 | 11.9
Summonings     | 5 9 11 | 11.9
Translocations | 11 14 | 14.0
Air Magic      | 6 8 |  8.1

Action                   |  1- 3 |  4- 6 |  7- 9 | 10-12 | 13-15 | 16-18 | 19-21 | 22-24 | 25-27 || total
-------------------------+-------+-------+-------+-------+-------+-------+-------+-------+-------++-------
Melee: Long sword        |    65 |   145 |    65 |       |       |       |       |       |       ||   275
       Falchion          |       |       |   301 |   742 |   264 |       |       |       |       ||  1307
       Dagger            |       |       |       |     6 |       |       |       |       |       ||     6
       Punch             |       |       |       |     3 |       |       |       |       |       ||     3
       Demon blade       |       |       |       |       |   625 |  1387 |   965 |  1546 |   844 ||  5367
       Peck              |       |       |       |       |    35 |   481 |   361 |   613 |   332 ||  1822
       Kick              |       |       |       |       |       |       |   583 |  1015 |   563 ||  2161
Throw: Throwing net      |       |     2 |       |     1 |       |       |       |       |       ||     3
 Cast: Regeneration      |       |       |       |    12 |    22 |    40 |    26 |    15 |    19 ||   134
       Animate Dead      |       |       |       |       |    51 |    82 |    43 |    22 |     7 ||   205
       Summon Ice Beast  |       |       |       |       |     3 |       |       |       |       ||     3
       Summon Mana Viper |       |       |       |       |       |     4 |     2 |    42 |     8 ||    56
       Death Channel     |       |       |       |       |       |       |       |    10 |     9 ||    19
       Summon Forest     |       |       |       |       |       |       |       |    10 |     3 ||    13
       Apportation       |       |       |       |       |       |       |       |       |     2 ||     2
Invok: Heroism           |       |       |       |     7 |     9 |    18 |     5 |     2 |     1 ||    42
       Finesse           |       |       |       |       |     4 |     7 |     2 |     1 |       ||    14
Evoke: Wand              |       |       |       |     8 |    16 |     3 |     1 |    11 |     4 ||    43
       Sack of spiders   |       |       |       |       |       |     2 |     2 |       |       ||     4
       Box of beasts     |       |       |       |       |       |       |     1 |       |       ||     1
  Use: Scroll            |       |     6 |     8 |     9 |    13 |    22 |     8 |    17 |    10 ||    93
       Potion            |       |     3 |     4 |     5 |     9 |     1 |     8 |     7 |     1 ||    38
 Stab: Sleeping          |     1 |     2 |     6 |       |     2 |     2 |     3 |     5 |     1 ||    22
       Invisible         |       |       |     3 |       |       |       |       |       |     6 ||     9
       Distracted        |       |       |     1 |     1 |     4 |    19 |     5 |    19 |     8 ||    57
       Held in net/web   |       |       |       |     3 |       |       |       |       |       ||     3
       Paralysed         |       |       |       |       |    18 |       |       |     1 |     1 ||    20
       Confused          |       |       |       |       |       |     1 |       |       |       ||     1
  Eat: Chunk             |     1 |     6 |    10 |    19 |    23 |    25 |    20 |    25 |    18 ||   147
       Ration            |       |       |     2 |     2 |     4 |     9 |     2 |    12 |     2 ||    33
Armor: Leather armour    |    14 |    33 |       |       |       |       |       |       |       ||    47
       Skin              |       |    26 |       |       |       |       |       |       |       ||    26
       Robe              |       |       |    84 |    63 |       |       |       |       |       ||   147
       Troll leather arm |       |       |       |    97 |   145 |   272 |   100 |   181 |    89 ||   884
Dodge: Dodged            |    43 |   110 |   278 |   631 |   582 |  1080 |   573 |   997 |   622 ||  4916
Block: Buckler           |       |       |       |       |   216 |   540 |   298 |   521 |   444 ||  2019
       Reflection        |       |       |       |       |       |       |       |       |    23 ||    23
       Rpst.: Long sword |    15 |    34 |    14 |       |       |       |       |       |       ||    63
       Falchion          |       |       |    65 |   171 |    55 |       |       |       |       ||   291
       Demon blade       |       |       |       |       |    74 |   179 |   100 |   206 |   105 ||   664

Table legend:
 A = Non-vault XP
 B = Vault XP
 C = Vault XP percentage of total XP
 D = Non-vault monster count
 E = Vault monster count
 F = Vault count percentage of total count
                 A         B        C        D         E       F
            +---------+---------+-------+---------+---------+-------
      Total |  743175 |  481044 |  39.3 |    1696 |     875 |  34.0
            +---------+---------+-------+---------+---------+-------
        D:1 |      30 |       0 |   0.0 |      18 |       0 |   0.0
        D:2 |      63 |       7 |  10.0 |      15 |       2 |  11.8
        D:3 |     125 |     685 |  84.6 |      16 |       1 |   5.9
        D:4 |     417 |      19 |   4.4 |      19 |       5 |  20.8
        D:5 |     621 |       0 |   0.0 |      16 |       0 |   0.0
        D:6 |     560 |       0 |   0.0 |      11 |       0 |   0.0
        D:7 |     533 |       0 |   0.0 |       5 |       0 |   0.0
        D:8 |    1991 |       0 |   0.0 |      27 |       0 |   0.0
        D:9 |    5065 |    6501 |  56.2 |      46 |      38 |  45.2
       D:10 |    1744 |       0 |   0.0 |      21 |       0 |   0.0
       D:11 |    2914 |    1843 |  38.7 |      18 |      16 |  47.1
       D:12 |    5807 |    4650 |  44.5 |      28 |       4 |  12.5
       D:13 |    7805 |    2030 |  20.6 |      41 |       6 |  12.8
       D:14 |    5511 |    2215 |  28.7 |      26 |       1 |   3.7
       D:15 |   14083 |    6199 |  30.6 |      35 |      10 |  22.2
     Lair:1 |    3203 |       0 |   0.0 |      16 |       0 |   0.0
     Lair:2 |    2784 |    6203 |  69.0 |      13 |      27 |  67.5
     Lair:3 |    4730 |    1972 |  29.4 |      17 |       9 |  34.6
     Lair:4 |    4111 |    2040 |  33.2 |      17 |      18 |  51.4
     Lair:5 |   11774 |    1415 |  10.7 |      31 |       6 |  16.2
     Lair:6 |    4623 |   11361 |  71.1 |      23 |      29 |  55.8
    Swamp:1 |    5652 |     720 |  11.3 |      13 |       2 |  13.3
    Swamp:2 |   16588 |       0 |   0.0 |      43 |       0 |   0.0
    Swamp:3 |   14653 |    3329 |  18.5 |      31 |       1 |   3.1
    Swamp:4 |   13466 |   19547 |  59.2 |      27 |      32 |  54.2
    Snake:1 |   13145 |     868 |   6.2 |      25 |       2 |   7.4
    Snake:2 |   12500 |       0 |   0.0 |      22 |       0 |   0.0
    Snake:3 |   27742 |       0 |   0.0 |      51 |       0 |   0.0
    Snake:4 |   24900 |   33816 |  57.6 |      49 |      66 |  57.4
    Slime:1 |   30163 |       0 |   0.0 |      53 |       0 |   0.0
    Slime:2 |   20733 |       0 |   0.0 |      26 |       0 |   0.0
    Slime:3 |   15436 |       0 |   0.0 |      33 |       0 |   0.0
    Slime:4 |   22229 |       0 |   0.0 |      46 |       0 |   0.0
    Slime:5 |   17228 |   33756 |  66.2 |      34 |      14 |  29.2
      Orc:1 |    4030 |       0 |   0.0 |      38 |       0 |   0.0
      Orc:2 |    7351 |    6524 |  47.0 |      60 |      74 |  55.2
      Elf:1 |   20500 |    9766 |  32.3 |      31 |      17 |  35.4
      Elf:2 |   12658 |   31177 |  71.1 |      25 |      32 |  56.1
      Elf:3 |   22738 |   49520 |  68.5 |      38 |      34 |  47.2
   Vaults:1 |   44448 |    7458 |  14.4 |      82 |      12 |  12.8
   Vaults:2 |   34598 |   42011 |  54.8 |      56 |      61 |  52.1
   Vaults:3 |   22449 |   29451 |  56.7 |      38 |      42 |  52.5
   Vaults:4 |   46608 |   23748 |  33.8 |      68 |      24 |  26.1
   Depths:1 |   35107 |    7017 |  16.7 |      53 |      13 |  19.7
   Depths:2 |   57527 |    9665 |  14.4 |      65 |      11 |  14.5
   Depths:3 |   31053 |   33114 |  51.6 |      46 |      32 |  41.0
   Depths:4 |    2394 |   50427 |  95.5 |       4 |      53 |  93.0
    Abyss:1 |     202 |       0 |   0.0 |       2 |       0 |   0.0
    Abyss:2 |   49167 |       0 |   0.0 |      96 |       0 |   0.0
    Abyss:3 |   39416 |    4332 |   9.9 |      82 |       7 |   7.9
      Sewer |       0 |      62 | 100.0 |       0 |      22 | 100.0
    Ossuary |       0 |     388 | 100.0 |       0 |      38 | 100.0
     Bailey |       0 |    2210 | 100.0 |       0 |      27 | 100.0
      IceCv |       0 |   10393 | 100.0 |       0 |      56 | 100.0
     WizLab |       0 |   24605 | 100.0 |       0 |      31 | 100.0
            +---------+---------+-------+---------+---------+-------
